 Dungeon Crawl Stone Soup version 0.20.1-1-g8b1a95d (webtiles) character file.

16 Iko the Charmwright (level 2, 0/22 HPs)
             Began as a Vampire Skald on Apr 30, 2018.
             Killed from afar by an orc wizard (3 damage)
             ... with a puff of frost
             ... on level 5 of the Dungeon.
             The game lasted 00:13:03 (472 turns).

Iko the Charmwright (Vampire Skald)                  Turns: 472, Time: 00:13:04

Health: 0/22       AC:  4    Str: 10    XL:     2   Next: 41%
Magic:  5/5        EV: 12    Int: 15    God:
Gold:   50         SH:  0    Dex: 13    Spells: 4/5 levels left

rFire    . . .     SeeInvis +   f - +0 flail
rCold    . . .     Gourm    .   (no shield)
rNeg     . . .     Faith    .   b - +0 leather armour
rPois    .         Spirit   .   (no helmet)
rElec    .         Reflect  .   (no cloak)
rCorr    .         Harm     .   i - +0 pair of gloves (curse)
MR       .....                  (no boots)
Stlth    +.........             (no amulet)
Regen    0.3/turn               (no ring)
MPRegen  0.1/turn               (no ring)

@: flying (expiring), regenerating quickly
A: fangs 3, see invisible, unbreathing
a: no special abilities


You were on level 5 of the Dungeon.
You were very full.

You visited 1 branch of the dungeon, and saw 5 of its levels.

You collected 50 gold pieces.

Inventory:

Hand Weapons
 a - a +1 mace
 f - a +0 flail (weapon)
 l - a +1 mace of protection
Missiles
 e - 7 tomahawks (quivered)
Armour
 b - a +0 leather armour (worn)
 g - a +0 pair of gloves
 i - a cursed +0 pair of gloves (worn)
Books
 c - a book of Battle

   Spells                             Type                      Level
   a - Infusion                       Charms                       1
   b - Shroud of Golubria             Charms/Translocation         2
   c - Song of Slaying                Charms                       2
   d - Spectral Weapon                Hexes/Charms                 3
   e - Regeneration                   Charms/Necromancy            3
Comestibles
 j - a royal jelly
 m - 3 fruits


   Skills:
 + Level 1.7 Fighting
 + Level 1.9 Maces & Flails
 + Level 1.0 Armour
 + Level 2.2 Dodging
 + Level 2.1 Spellcasting
 + Level 3.7 Charms


You had 4 spell levels left.
You knew the following spells:

 Your Spells              Type           Power        Failure   Level  Hunger
a - Infusion              Chrm           ##..         7%          1    #......


Dungeon Overview and Level Annotations

Branches:
Dungeon (5/15)
 Temple: D:4-7

Altars:

Annotations:
D:5 Iko's ghost, amateur BaBe


Innate Abilities, Weirdness & Mutations

Your natural rate of healing is unusually fast.
You have razor-sharp teeth.
You have supernaturally acute eyesight. (SInv)
You can survive without breathing.


Message History

* * * LOW HITPOINT WARNING * * *
The bullfrog skeleton hits you but does no damage.
Yummy - fresh blood!
The bullfrog skeleton misses you.
You barely miss the bullfrog skeleton.
The bullfrog skeleton is severely damaged.
Your surroundings suddenly seem different.
Iko's ghost (amateur Barachi Berserker) comes into view.
Iko's ghost turns its malevolent gaze towards you. 2 orcs and 2 orc wizards come into view.
You are starting to lose your buoyancy.
The orc wizard shouts!
The orc shouts!
The orc wizard gestures wildly while chanting.
The orc wizard seems to speed up.
Found 2 scrolls labeled KIAZAR CEIHIEP.
A centaur skeleton comes into view.
Iko's ghost ripples.
Found a stone staircase leading down.
The orc wizard gestures at you while chanting.
The puff of frost hits you!
You die...

#### ### .... #.# ##
###..####.# ..##
#.......#.# ....#
.>#.#..##.#.###...#..
#......@.....o.W...oo
.............o####...
....#.Z...#.....?.
........#.#.#.####
#.........#.#.#
........###.#..
......... #.####
......... ..#


You could see an orc wizard, an orc and a centaur skeleton.

Vanquished Creatures
  An adder skeleton (D:5)
  A leopard gecko (D:3)
  An orc (D:4)
  A giant cockroach (D:1)
  3 hobgoblins (D:1)
  A kobold (D:1)
  A ball python (D:4)
  A frilled lizard (D:1)
  A rat (D:1)
11 creatures vanquished.

Notes
Turn   | Place    | Note
-------+----------+-------------------------------------------
     0 | D:1      | Iko the Vampire Skald began the quest for the Orb.
     0 | D:1      | Reached XP level 1. HP: 16/16 MP: 3/3
   114 | D:1      | Reached XP level 2. HP: 17/22 MP: 5/5
   439 | D:5      | Entered Level 5 of the Dungeon
   445 | D:5      | Reached skill level 1 in Armour
   464 | D:5      | HP: 1/22 [bullfrog skeleton (5)]
   466 | D:5      | Noticed Iko's ghost (amateur BaBe)
   472 | D:5      | Killed from afar by an orc wizard

Skill      XL: |  1  2 |
---------------+-------+-----
Armour         | 1 |  1.0
Fighting       | |  1.7
Maces & Flails | |  1.9
Dodging        | |  2.2
Spellcasting   | |  2.1
Charms         | |  3.7

Action                   || total
-------------------------++-------
Melee: Mace              ||    17
       Bite              ||     2
       Flail             ||    19
 Cast: Infusion          ||     2
  Use: Potion            ||     6
       Scroll            ||     6
Armor: Leather armour    ||    10
Dodge: Dodged            ||    23
